[Event "Titled Tuesday Blitz November 07 Early 2023"]
[White "Czerw, Dawid"]
[Black "knightinshiningarmour16"]
[WhiteFideId "1145746"]
[WhiteElo "2459"]
[BlackElo "2170"]
[Result "1-0"]
[Round "4"]
[TimeControl "180+1"]
[Date "2023.11.07"]
[WhiteClock "0:00:12"]
[BlackClock "0:00:04"]
[Board "188"]

1. e4 c6 2. Nc3 d5 3. Qf3 dxe4 4. Nxe4 Nf6 5. Bc4 e6 6. Ne2 Nbd7 7. d4 Nxe4 8. Qxe4 Nf6 9. Qf3 Be7 10. Bd2 Qb6 11. O-O-O Bd7 12. g4 Rf8 13. g5 Nd5 14. Kb1 O-O-O 15. h4 Nb4 16. c3 Nd5 17. Bd3 g6 18. h5 c5 19. hxg6 hxg6 20. Rh7 Bc6 21. Be4 f5 22. Bxd5 Bxd5 23. Qh3 Qa6 24. Nc1 Bd6 25. dxc5 Bxc5 26. Qg3 Bd6 27. Bf4 e5 28. Bxe5 Be4+ 29. Ka1 Bxe5 30. Qxe5 Qc6 31. Rxd8+ Rxd8 32. Rh8 Rxh8 33. Qxh8+ Kc7 34. Qg7+ Kb6 35. Nb3 Qd6 36. Qd4+ Qxd4 37. Nxd4 Kc7 38. f4 Kd7 39. b3 a6 40. Kb2 Kd6 41. c4 Kc5 42. Kc3 b5 43. b4+ Kd6 44. cxb5 axb5 45. Nxb5+ Kc6 46. Nd4+ Kd6 47. a4 Bb1 48. a5 Be4 49. Kc4 Kc7 50. Kc5 Kb7 51. b5 Ka7 52. Ne6 Bf3 53. Nf8 Bh5 54. Ne6 Bf3 55. Nd4 Be4 56. Kd6 Bd3 57. Ke5 Bxb5 58. Nxb5+ Ka6 59. Nd6 Kxa5 60. Nxf5 Kb4 61. Ne7 Kc3 62. Nxg6 Kd3 63. f5 Ke2 64. f6 1-0


[Site "https://www.chess.com"]

[Event "Titled Tuesday Blitz November 07 Early 2023"]
[White "Mazurkiewicz, Michal"]
[Black "Modric, Nesa"]
[WhiteFideId "1124943"]
[BlackFideId "922579"]
[WhiteElo "2458"]
[BlackElo "2157"]
[Result "1-0"]
[Round "4"]
[TimeControl "180+1"]
[Date "2023.11.07"]
[WhiteClock "0:00:06"]
[BlackClock "0:00:02"]
[Board "189"]

1. e4 d5 2. exd5 Qxd5 3. d3 Nf6 4. Nc3 Qd8 5. g3 c6 6. Nf3 Bg4 7. h3 Bh5 8. Bg2 e6 9. O-O Bd6 10. Re1 O-O 11. g4 Bg6 12. Ne5 Nbd7 13. Nxg6 hxg6 14. h4 Nd5 15. Ne4 Bf4 16. h5 Qh4 17. Qf3 g5 18. Ng3 Ne5 19. Qe2 Nxg4 20. c4 Qh2+ 21. Kf1 Bxc1 22. cxd5 Qxh5 23. Raxc1 exd5 24. Bf3 Nh2+ 25. Kg2 g4 26. Bxd5 Qh3+ 27. Kg1 Rfe8 28. Qxe8+ Rxe8 29. Rxe8+ Kh7 30. Be4+ g6 31. Bg2 Nf3+ 32. Kf1 Qh4 33. Ke2 Qf6 34. Rh1+ Kg7 35. Rhh8 Qxb2+ 36. Ke3 Qd4+ 37. Ke2 Qb2+ 38. Ke3 Qc1+ 39. Ke4 f5+ 40. Nxf5+ gxf5+ 41. Kxf5 Qg5+ 42. Ke6 Qf6+ 43. Kd7 Ne5+ 44. Kc7 Qf7+ 45. Kb8 Nd7+ 46. Ka8 Nb6+ 47. Kxa7 Nd7 48. Rhg8+ Kf6 49. Kxb7 Qxa2 50. Kxc6 Ne5+ 51. Rxe5 Kxe5 52. Re8+ Kf6 53. Re4 Qa6+ 54. Kd5 Qxd3+ 55. Rd4 Qb3+ 56. Kc5 Qb2 57. Be4 Kg5 58. Bd5 Qc1+ 59. Bc4 Qb2 60. Rd5+ Kh4 61. Rf5 Qa3+ 62. Kd5 Qf3+ 63. Rxf3 gxf3 64. Ke4 Kg4 65. Bd5 Kg5 66. Kxf3 1-0


[Site "https://www.chess.com"]

[Event "Titled Tuesday Blitz November 07 Early 2023"]
[White "Estevez Polanco, Leonardo Rafael"]
[Black "kuanysh1981"]
[WhiteFideId "6402798"]
[WhiteElo "2156"]
[BlackElo "2456"]
[Result "1-0"]
[Round "4"]
[TimeControl "180+1"]
[Date "2023.11.07"]
[WhiteClock "0:00:36"]
[BlackClock "0:01:15"]
[Board "190"]

1. e4 e5 2. Nf3 Nc6 3. Bb5 a6 4. Ba4 Nf6 5. d3 b5 6. Bb3 Be7 7. O-O O-O 8. h3 d6 9. Nbd2 Na5 10. Re1 c5 11. a4 Nxb3 12. Nxb3 Bd7 13. axb5 axb5 14. Rxa8 Qxa8 15. Bg5 h6 16. Bc1 Be6 17. Nbd2 Qa2 18. Nf1 Ra8 19. Ng3 c4 20. Nh4 Rc8 21. Nhf5 Bf8 22. dxc4 Qxc4 23. Nxd6 Bxd6 24. Qxd6 Qxc2 25. Qxe5 Nd7 26. Qd6 Qc5 27. Bf4 Qxd6 28. Bxd6 Rc2 29. Re2 Rc1+ 30. Kh2 Nb6 31. f4 Nc4 32. Be7 f6 33. b4 Rc3 34. Bc5 Rb3 35. Nf5 h5 36. Nd4 1-0


[Site "https://www.chess.com"]

[Event "Titled Tuesday Blitz November 07 Early 2023"]
[White "Kashtanov, Ruslan"]
[Black "Flis, Pawel"]
[WhiteFideId "4124871"]
[BlackFideId "1112864"]
[WhiteElo "2454"]
[BlackElo "2128"]
[Result "1-0"]
[Round "4"]
[TimeControl "180+1"]
[Date "2023.11.07"]
[WhiteClock "0:00:06"]
[BlackClock "0:00:00"]
[Board "191"]

1. e4 c5 2. Nf3 d6 3. d4 Nf6 4. Nc3 cxd4 5. Nxd4 a6 6. Be2 e5 7. Nb3 Be7 8. g4 h6 9. Be3 Be6 10. h4 Nbd7 11. Rg1 Nb6 12. g5 hxg5 13. hxg5 Nfd7 14. g6 f6 15. Qd2 Qc7 16. O-O-O O-O-O 17. Kb1 Nc4 18. Bxc4 Qxc4 19. Nd5 Bxd5 20. Qxd5 Qxd5 21. Rxd5 Rh4 22. Nd2 Kc7 23. Rd1 Nb6 24. Rd3 Na4 25. b3 Nc5 26. Nf3 Rxe4 27. Rc3 Kb8 28. Rh1 Rg4 29. Rh7 Rxg6 30. Nh4 Rg1+ 31. Kb2 Ne4 32. Rd3 Rh1 33. Rxg7 Bf8 34. Rg4 Ng5 35. Nf5 Nf3 36. Rg8 Be7 37. Nxe7 Rxg8 38. Nxg8 Ne1 39. Rd1 Rg1 40. Nxf6 Nf3 41. Rxg1 Nxg1 42. c4 Kc7 43. Ne8+ Kc6 44. Nf6 b5 45. Nd5 bxc4 46. bxc4 Nf3 47. Nb4+ Kb7 48. Kc3 1-0


[Site "https://www.chess.com"]

[Event "Titled Tuesday Blitz November 07 Early 2023"]
[White "ploxoi"]
[Black "Osiecki, Stanislaw"]
[BlackFideId "1102990"]
[WhiteElo "2453"]
[BlackElo "2116"]
[Result "1-0"]
[Round "4"]
[TimeControl "180+1"]
[Date "2023.11.07"]
[WhiteClock "0:01:25"]
[BlackClock "0:00:00"]
[Board "192"]

1. d4 Nf6 2. c4 d6 3. Nf3 g6 4. Nc3 Bg7 5. e4 O-O 6. Be2 e5 7. d5 a5 8. Be3 Ng4 9. Bg5 f6 10. Bh4 g5 11. Bg3 Nh6 12. Nd2 Nf7 13. Bg4 Bxg4 14. Qxg4 Qd7 15. Qxd7 Nxd7 16. f3 Nc5 17. Ke2 a4 18. b4 axb3 19. axb3 h5 20. b4 Na6 21. Rhb1 g4 22. Nd1 Bh6 23. Ne3 Bxe3 24. Kxe3 Ng5 25. Ra3 Kf7 26. Bh4 Kg6 27. Ke2 f5 28. exf5+ Kxf5 29. Bxg5 Kxg5 30. Ne4+ Kf5 31. c5 gxf3+ 32. gxf3 dxc5 33. bxc5 c6 34. d6 1-0


[Site "https://www.chess.com"]

[Event "Titled Tuesday Blitz November 07 Early 2023"]
[White "Dahlgren, James Allen"]
[Black "Escudero Donoso, Felipe"]
[WhiteFideId "22256873"]
[BlackFideId "3410595"]
[WhiteElo "2090"]
[BlackElo "2450"]
[Result "0-1"]
[Round "4"]
[TimeControl "180+1"]
[Date "2023.11.07"]
[WhiteClock "0:00:00"]
[BlackClock "0:00:21"]
[Board "193"]

1. d3 d5 2. f4 c6 3. Nf3 g6 4. g3 Bg7 5. Bg2 Nf6 6. O-O O-O 7. Nc3 a5 8. e4 Na6 9. h3 dxe4 10. dxe4 Nb4 11. Qe2 Nh5 12. Qf2 Qc7 13. a3 Na6 14. Be3 Be6 15. Nd4 Bc4 16. Rfe1 e5 17. Nde2 exf4 18. Nxf4 Nxf4 19. gxf4 f6 20. Rad1 Rfe8 21. Bb6 Qf7 22. Bxa5 Nc7 23. Bxc7 Qxc7 24. Qc5 Bf7 25. Qd6 Qb6+ 26. Kh2 Qxb2 27. Re3 Qxa3 28. Qxa3 Rxa3 29. Rd7 Bh6 30. Kg3 b5 31. Red3 b4 32. Ne2 Ra2 33. Nd4 c5 34. Nc6 Rxc2 35. e5 fxe5 36. fxe5 Rc3 37. Rxc3 bxc3 38. Be4 Be6 39. Rd3 Bd2 40. Kf3 Bf5 41. Bxf5 gxf5 42. Ke2 Re6 43. Nd8 Rxe5+ 44. Kd1 Re1+ 45. Kc2 Rc1+ 46. Kb3 Rb1+ 47. Kc2 Rb2+ 48. Kd1 Kg7 49. Ne6+ Kf6 50. Nxc5 Rb1+ 51. Kc2 Rc1+ 52. Kb3 Ke5 0-1


[Site "https://www.chess.com"]

[Event "Titled Tuesday Blitz November 07 Early 2023"]
[White "Kanyamarala, Tarun"]
[Black "Winkels, Marcel"]
[WhiteFideId "45004714"]
[BlackFideId "1003887"]
[WhiteElo "2444"]
[BlackElo "2078"]
[Result "1-0"]
[Round "4"]
[TimeControl "180+1"]
[Date "2023.11.07"]
[WhiteClock "0:00:18"]
[BlackClock "0:00:21"]
[Board "194"]

1. e4 c5 2. Nc3 d6 3. d4 cxd4 4. Qxd4 Nc6 5. Qd2 g6 6. b3 Bh6 7. f4 Nf6 8. Bb2 O-O 9. O-O-O Bg4 10. Be2 Rc8 11. Nf3 Qa5 12. Kb1 Nb4 13. a3 Na6 14. Nd5 Qd8 15. Nxf6+ exf6 16. Qxd6 Qxd6 17. Rxd6 Bxf4 18. Rxf6 Bh6 19. Bxa6 bxa6 20. Rxa6 Be3 21. Re1 Bb6 22. Ne5 Be6 23. Bc1 Rc7 24. Be3 Bxe3 25. Rxe3 Rfc8 26. c4 Rb8 27. Kc2 Kf8 28. Nc6 Rbb7 29. Nd4 Bc8 30. Rc3 Rxb3 31. Kxb3 Bxa6 32. c5 Rb7+ 33. Ka4 Ke7 34. c6 Rc7 35. e5 Bf1 36. g3 Bg2 37. Kb5 Bf1+ 38. Kc5 Bg2 39. Rb3 h5 40. a4 g5 41. a5 h4 42. a6 hxg3 43. Rxg3 Bf1 44. Nb5 Bxb5 45. Kxb5 f6 46. exf6+ Kxf6 47. Re3 Kf5 48. Kc5 Kf4 49. Re2 g4 50. Kd6 Rc8 51. Kd7 Rh8 52. c7 Kf3 53. Re8 Rh7+ 54. Re7 Rxh2 55. c8=Q Rd2+ 56. Ke8 g3 57. Rf7+ Ke2 58. Qg4+ Kd3 59. Qxg3+ Kc2 60. Rc7+ Kb2 61. Qc3+ 1-0


[Site "https://www.chess.com"]

[Event "Titled Tuesday Blitz November 07 Early 2023"]
[White "Herman, Daniel"]
[Black "Mirza, Diana"]
[WhiteFideId "30935008"]
[BlackFideId "2503999"]
[WhiteElo "2443"]
[BlackElo "1974"]
[Result "1/2-1/2"]
[Round "4"]
[TimeControl "180+1"]
[Date "2023.11.07"]
[WhiteClock "0:00:09"]
[BlackClock "0:00:11"]
[Board "195"]

1. d4 Nf6 2. c4 g6 3. Nc3 Bg7 4. e4 O-O 5. Nf3 d6 6. h3 Nc6 7. Be3 e5 8. d5 Ne7 9. g4 Nd7 10. Bd3 f5 11. gxf5 gxf5 12. exf5 Nxf5 13. Bg5 Qe8 14. Qc2 Nc5 15. Ne4 Nxd3+ 16. Qxd3 Qh5 17. O-O-O Nd4 18. Nxd4 exd4 19. Rhg1 Bf5 20. f3 Qxh3 21. Kb1 Rae8 22. Bf6 Rf7 23. Bxg7 Rxg7 24. Qxd4 Re5 25. Ka1 Qxf3 26. Nf6+ Kf7 27. Rdf1 Rxg1 28. Qxg1 Qe3 29. Nxh7 Qxg1 30. Rxg1 Bxh7 31. a3 Bf5 32. Rf1 Kf6 33. Rf2 Re4 34. Ka2 Rxc4 35. b4 Rd4 36. Rg2 Rxd5 37. Rg8 Be6 38. Rb8 Rd2+ 39. Kb1 Rh2 40. Rxb7 c5 41. Rxa7 cxb4 42. axb4 Ke5 43. Rb7 Bc4 44. b5 Bd3+ 45. Kc1 Rc2+ 46. Kd1 Rb2 47. b6 Kd5 48. Rb8 Kc6 49. Rc8+ Kb7 50. Rd8 Kc6 51. Rc8+ Kd7 52. Rc7+ Kd8 53. Rb7 Kc8 54. Rc7+ Kb8 55. Rc6 Kb7 56. Rxd6 Bb5 57. Kc1 Rh2 58. Kd1 Rb2 59. Kc1 Rb4 60. Kc2 Ka6 61. Kc3 Rc4+ 62. Kb3 Rc6 63. Rxc6 Bxc6 64. Kb4 Kxb6 1/2-1/2


[Site "https://www.chess.com"]

[Event "Titled Tuesday Blitz November 07 Early 2023"]
[White "pasteta13"]
[Black "Ghosh, Chanchal Kumer"]
[BlackFideId "10201858"]
[WhiteElo "2442"]
[BlackElo "1969"]
[Result "1-0"]
[Round "4"]
[TimeControl "180+1"]
[Date "2023.11.07"]
[WhiteClock "0:01:43"]
[BlackClock "0:00:18"]
[Board "196"]

1. e4 c5 2. Ne2 d6 3. g3 Nc6 4. Bg2 e6 5. c3 Nf6 6. d4 cxd4 7. cxd4 Be7 8. Nbc3 O-O 9. h3 a6 10. Be3 b5 11. e5 Nd5 12. Nxd5 exd5 13. Bxd5 Bb7 14. O-O Rb8 15. Rc1 Na5 16. Nf4 dxe5 17. dxe5 Bg5 18. Bxb7 Rxb7 19. b3 Rd7 20. Qg4 Bxf4 21. Bxf4 Rd4 22. Rfd1 Re8 23. Rxd4 Qxd4 24. Rc8 Rf8 25. Rxf8+ Kxf8 26. Qc8+ Ke7 27. Qc7+ Ke6 28. Qxa5 Qd1+ 29. Kh2 1-0


[Site "https://www.chess.com"]

[Event "Titled Tuesday Blitz November 07 Early 2023"]
[White "Dedona, Mark"]
[Black "szachmistrz2500"]
[WhiteFideId "30920256"]
[WhiteElo "2479"]
[BlackElo "2440"]
[Result "0-1"]
[Round "4"]
[TimeControl "180+1"]
[Date "2023.11.07"]
[WhiteClock "0:00:34"]
[BlackClock "0:00:39"]
[Board "197"]

1. e4 c5 2. b3 e6 3. Bb2 a6 4. f4 d5 5. e5 Nc6 6. Nf3 h5 7. g3 Nh6 8. Bg2 Nf5 9. O-O Be7 10. Qe1 b5 11. d3 Bb7 12. Nbd2 Nb4 13. Qd1 d4 14. a3 Ne3 15. Qc1 Nbxc2 16. Rf2 Nxa1 17. Bxa1 Nxg2 18. Rxg2 Qd5 19. Rf2 g5 20. Ne4 g4 21. Ne1 Qxb3 22. Nxc5 Qd5 23. Ne4 h4 24. Qc7 Rc8 25. Qa5 hxg3 26. hxg3 Rc1 27. Bb2 Rd1 28. Rd2 Rxd2 29. Qxd2 Qa2 30. Qf2 Qb1 31. Bxd4 Bxe4 32. dxe4 Qxe4 33. Ng2 Bxa3 34. Qd2 Qb1+ 35. Ne1 Bb4 36. Bc3 Qe4 37. Ng2 Bc5+ 38. Kf1 Rh1# 0-1


[Site "https://www.chess.com"]

[Event "Titled Tuesday Blitz November 07 Early 2023"]
[White "Ionescu, Mihai"]
[Black "Ishbaev, Alibek"]
[WhiteFideId "1202499"]
[BlackFideId "14205017"]
[WhiteElo "2455"]
[BlackElo "2436"]
[Result "1-0"]
[Round "4"]
[TimeControl "180+1"]
[Date "2023.11.07"]
[WhiteClock "0:02:15"]
[BlackClock "0:02:34"]
[Board "198"]

1. Nf3 g6 2. e4 Bg7 3. d4 d6 4. Nc3 Nc6 5. Bb5 Bd7 6. d5 Ne5 7. Bxd7+ Nxd7 8. Be3 Ngf6 9. O-O O-O 10. Re1 e5 11. dxe6 fxe6 12. e5 Ng4 13. exd6 Nxe3 14. Rxe3 cxd6 15. Qxd6 e5 16. Rd1 Nb6 17. Qe6+ 1-0


[Site "https://www.chess.com"]

[Event "Titled Tuesday Blitz November 07 Early 2023"]
[White "Jovic, Stanoje"]
[Black "Mohammadian,Mohammad"]
[WhiteFideId "905020"]
[BlackFideId "12566055"]
[WhiteElo "2438"]
[BlackElo "1872"]
[Result "1-0"]
[Round "4"]
[TimeControl "180+1"]
[Date "2023.11.07"]
[WhiteClock "0:01:35"]
[BlackClock "0:00:06"]
[Board "199"]

1. c4 Nf6 2. g3 g6 3. Bg2 Bg7 4. Nc3 c6 5. Nf3 d5 6. cxd5 cxd5 7. d4 Nc6 8. O-O O-O 9. Ne5 e6 10. f4 Nxe5 11. fxe5 Nd7 12. e4 dxe4 13. Nxe4 Qb6 14. Kh1 f6 15. exf6 Nxf6 16. Nc5 Rd8 17. Bg5 Qxc5 18. dxc5 Rxd1 19. Raxd1 Nd5 20. Rxd5 exd5 21. Bxd5+ Kh8 22. b4 Bf5 23. Bxb7 Re8 24. Bf3 Bh3 25. Bg2 Bxg2+ 26. Kxg2 Re2+ 27. Rf2 Re1 28. Rc2 Bd4 29. c6 Bb6 30. a4 a6 31. a5 Bc7 32. Bf4 Bxf4 33. gxf4 Re8 34. c7 Rc8 35. Kf3 h6 36. Ke4 Kg7 37. Kd5 Kf6 38. Kd6 g5 39. fxg5+ hxg5 40. Kd7 Rg8 41. c8=Q Rxc8 42. Kxc8 Kf5 43. Kb7 Kf4 44. Kxa6 g4 45. b5 Kf3 46. b6 1-0


[Site "https://www.chess.com"]

[Event "Titled Tuesday Blitz November 07 Early 2023"]
[White "Muhammad Shahzeb"]
[Black "Thake, Conrad"]
[WhiteFideId "7804806"]
[BlackFideId "5602947"]
[WhiteElo "2401"]
[BlackElo "1808"]
[Result "1-0"]
[Round "4"]
[TimeControl "180+1"]
[Date "2023.11.07"]
[WhiteClock "0:01:18"]
[BlackClock "0:00:24"]
[Board "200"]

1. e4 c5 2. Nc3 d6 3. f4 Nc6 4. Nf3 e6 5. Bb5 Ne7 6. O-O a6 7. Be2 g6 8. a4 Bg7 9. d3 O-O 10. Be3 b6 11. d4 cxd4 12. Nxd4 Bb7 13. Bf3 Qc7 14. Kh1 Rfd8 15. Nb3 Nb4 16. Qd2 Rac8 17. a5 bxa5 18. Nxa5 Ba8 19. Qf2 Bxc3 20. bxc3 Qxc3 21. Bd4 Qxc2 22. Qh4 Nbc6 23. Nxc6 Nxc6 24. Bf6 h5 25. Qg5 Kh7 26. Bxh5 Qxe4 27. Bf3 Qf5 28. Qh4+ Kg8 29. Qh8# 1-0


[Site "https://www.chess.com"]

[Event "Titled Tuesday Blitz November 07 Early 2023"]
[White "Dodaro, Mattia"]
[Black "UK_23"]
[WhiteFideId "28583400"]
[WhiteElo "2258"]
[BlackElo "2395"]
[Result "1/2-1/2"]
[Round "4"]
[TimeControl "180+1"]
[Date "2023.11.07"]
[WhiteClock "0:00:16"]
[BlackClock "0:00:18"]
[Board "201"]

1. Nf3 d5 2. c4 e6 3. e3 Nf6 4. b3 a6 5. Bb2 b6 6. Be2 Bb7 7. O-O Nbd7 8. d4 Bd6 9. Nbd2 O-O 10. Qc2 Ne4 11. Rac1 f5 12. Ne1 f4 13. Nxe4 dxe4 14. c5 bxc5 15. dxc5 Nxc5 16. exf4 Rxf4 17. g3 Rf7 18. Ng2 Qg5 19. Bc4 a5 20. Bd4 Re8 21. Bxc5 Bxc5 22. Bxe6 Rxe6 23. Qxc5 Qxc5 24. Rxc5 a4 25. bxa4 Ra6 26. Rc4 Bd5 27. Rd4 Bxa2 28. Rxe4 Bd5 29. Rd4 Bxg2 30. Kxg2 c5 31. Rc4 Ra5 32. Rfc1 Rfa7 33. Rxc5 Rxc5 34. Rxc5 Rxa4 35. Rc7 h5 36. h4 Kh7 37. Rc6 Rb4 38. Rc5 Kh6 39. Rc6+ Kh7 40. Kf3 Ra4 41. Re6 Rb4 42. Re4 Rb2 43. Rf4 Kg6 44. Kg2 Rb3 45. Kh3 Rb1 46. Rf8 Rh1+ 47. Kg2 Rb1 48. Rc8 Rb3 49. Rc6+ Kh7 50. Rc8 Kg6 51. Rf8 Ra3 52. Rb8 Rc3 53. Rb5 Ra3 54. Rg5+ Kh6 55. Rf5 Kg6 56. Rf4 Rb3 57. f3 Rb2+ 58. Kh3 Rb1 59. g4 hxg4+ 60. fxg4 Rb3+ 61. Kg2 Ra3 62. Rf3 Ra1 63. Kg3 Rb1 64. Rc3 Rg1+ 65. Kh3 Ra1 66. Rc6+ Kh7 67. h5 Rh1+ 68. Kg3 Rb1 69. Kh4 Rb5 70. Rc7 Ra5 71. Rb7 Rc5 72. Rb4 Ra5 73. Re4 Rc5 74. Rf4 Rd5 75. Rf5 Rd1 76. Kg5 Rh1 77. Rc5 Rh2 78. Rb5 Rh1 79. Rb7 Rh2 80. Rb6 Rh1 81. Rb5 Rh2 82. Kf4 Rf2+ 83. Kg3 Rf1 84. g5 Rh1 85. Kg4 Rg1+ 86. Kf3 Rh1 87. h6 gxh6 88. Rb7+ Kg6 89. gxh6 Rxh6 90. Rb6+ Kg5 91. Rxh6 Kxh6 1/2-1/2


[Site "https://www.chess.com"]

[Event "Titled Tuesday Blitz November 07 Early 2023"]
[White "Sviridova, Vlada"]
[Black "marik_spb"]
[WhiteFideId "24109606"]
[WhiteElo "2238"]
[BlackElo "2389"]
[Result "0-1"]
[Round "4"]
[TimeControl "180+1"]
[Date "2023.11.07"]
[WhiteClock "0:00:01"]
[BlackClock "0:00:05"]
[Board "202"]

1. d4 Nf6 2. c4 e6 3. Nf3 b6 4. g3 Bb7 5. Bg2 Be7 6. O-O O-O 7. Nc3 d5 8. Ne5 c5 9. dxc5 bxc5 10. cxd5 exd5 11. Nd3 Nbd7 12. Nf4 Nb6 13. b3 Rb8 14. Ba3 d4 15. Bxb7 Rxb7 16. Nb1 Ne4 17. Qc2 Ng5 18. Nd2 Nd5 19. Ng2 Nh3+ 20. Kh1 Nc3 21. Ne4 Nxe4 22. Qxe4 Re8 23. Qxb7 Bf8 24. Rae1 d3 25. exd3 Rxe1 26. Rxe1 Nxf2+ 27. Kg1 Nxd3 28. Rf1 Qd4+ 29. Kh1 Nf2+ 30. Rxf2 Qxf2 31. h4 Qxa2 32. Bc1 Qb1 33. Qc8 Qxc1+ 34. Kh2 Qc2 35. Qc7 Qxb3 36. Qxa7 c4 37. Qc7 c3 38. h5 c2 39. Ne1 Qe3 40. Nxc2 Qe2+ 41. Kh3 Qxh5+ 42. Kg2 Qe2+ 43. Kh3 h5 44. Qc8 g6 45. Qc3 Bg7 46. Qc8+ Kh7 47. Nb4 Qf1+ 48. Kh2 h4 49. gxh4 Be5# 0-1


[Site "https://www.chess.com"]

[Event "Titled Tuesday Blitz November 07 Early 2023"]
[White "jimmy-schlumpf"]
[Black "Cheer_Down"]
[WhiteElo "2214"]
[BlackElo "2376"]
[Result "1-0"]
[Round "4"]
[TimeControl "180+1"]
[Date "2023.11.07"]
[WhiteClock "0:00:24"]
[BlackClock "0:01:01"]
[Board "203"]

1. d4 d5 2. Nf3 Nf6 3. c4 e6 4. g3 Be7 5. Bg2 O-O 6. O-O dxc4 7. Ne5 Nc6 8. Bxc6 bxc6 9. Nxc6 Qe8 10. Qa4 Bd6 11. Qxc4 Bb7 12. Ne5 Bxe5 13. dxe5 Nd5 14. Bd2 c5 15. Qxc5 Rc8 16. Qxa7 Qc6 17. f3 Rfd8 18. Rc1 Qb5 19. Rxc8 Rxc8 20. Nc3 Nxc3 21. Bxc3 Ba6 22. Qe3 Qxe2 23. Qxe2 Bxe2 24. Kf2 Ba6 25. a4 Bc4 26. a5 Kf8 27. a6 Ke8 28. a7 Bd5 29. Ke3 Ba8 30. Ra4 Kd7 31. Rb4 Rc6 32. Rb8 Rc8 33. Rxc8 Kxc8 34. Bd4 Bd5 35. Bc5 Kb7 36. f4 h5 37. Kd4 g6 38. Kc3 Bc6 39. Kb4 Bd5 40. Be3 Bc6 41. Kc5 Be4 42. Kd6 Bd3 43. Ke7 Bf5 44. Kxf7 Ka8 45. b4 Kb7 46. b5 Ka8 47. Kf6 Kb7 48. Kg5 Ka8 49. h3 Bxh3 50. Kxg6 Bg4 51. Kg5 Kb7 52. f5 exf5 53. e6 f4 54. e7 Bd7 55. gxf4 Bxb5 1-0


[Site "https://www.chess.com"]

[Event "Titled Tuesday Blitz November 07 Early 2023"]
[White "Matthes, Aaron"]
[Black "Chemin, Justo Reinaldo"]
[WhiteFideId "16227310"]
[BlackFideId "2101580"]
[WhiteElo "2342"]
[BlackElo "2201"]
[Result "1-0"]
[Round "4"]
[TimeControl "180+1"]
[Date "2023.11.07"]
[WhiteClock "0:00:50"]
[BlackClock "0:00:00"]
[Board "204"]

1. Nf3 e6 2. d4 d5 3. g3 Nf6 4. Bg2 Nbd7 5. O-O b6 6. b3 Bb7 7. Bb2 c5 8. c4 dxc4 9. bxc4 cxd4 10. Nxd4 Bxg2 11. Kxg2 Qc7 12. Qa4 Bc5 13. Kg1 O-O 14. Na3 a6 15. Rfd1 Ne5 16. Nb3 Bxa3 17. Bxe5 Qxe5 18. Qxa3 Rfc8 19. Rac1 Qxe2 20. c5 bxc5 21. Nxc5 h5 22. Nd3 Rxc1 23. Rxc1 Rd8 24. Nf4 Qd2 25. Rf1 e5 26. Ng2 Qd3 27. Qe7 Rd7 28. Qxe5 Ng4 29. Qe8+ Kh7 30. Nf4 1-0


[Site "https://www.chess.com"]

[Event "Titled Tuesday Blitz November 07 Early 2023"]
[White "KorolDimitriy75"]
[Black "TheAlienParty"]
[WhiteElo "2342"]
[BlackElo "2196"]
[Result "0-1"]
[Round "4"]
[TimeControl "180+1"]
[Date "2023.11.07"]
[WhiteClock "0:00:00"]
[BlackClock "0:01:30"]
[Board "205"]

1. d4 Nf6 2. c4 e6 3. Nc3 Bb4 4. Qc2 O-O 5. e4 d5 6. cxd5 exd5 7. e5 Ne4 8. Bd3 Nc6 9. Ne2 f5 10. O-O Kh8 11. f3 Nxc3 12. bxc3 Ba5 13. Ba3 Rf7 14. Rae1 Be6 15. Nf4 Qd7 16. Kh1 Re8 17. h3 Ne7 18. g4 fxg4 19. fxg4 g6 20. Nxe6 Qxe6 21. Rxf7 Qxf7 22. Rf1 Qg7 23. Qf2 Bxc3 24. Qf7 Qxf7 25. Rxf7 Nc6 26. Rxc7 Bxd4 27. Rxb7 Re7 0-1


[Site "https://www.chess.com"]

[Event "Titled Tuesday Blitz November 07 Early 2023"]
[White "Shapiro, Daniel"]
[Black "Skibbe, Willi"]
[WhiteFideId "2001780"]
[BlackFideId "4682190"]
[WhiteElo "2341"]
[BlackElo "2167"]
[Result "0-1"]
[Round "4"]
[TimeControl "180+1"]
[Date "2023.11.07"]
[WhiteClock "0:00:03"]
[BlackClock "0:00:25"]
[Board "206"]

1. d4 d5 2. c4 e6 3. Nf3 c6 4. Qc2 f5 5. Bf4 Bd6 6. e3 Nf6 7. Bd3 O-O 8. h3 b6 9. Nc3 Bb7 10. O-O c5 11. dxc5 Bxc5 12. Rad1 Qc8 13. cxd5 Nxd5 14. Nxd5 Bxd5 15. Ne5 Nc6 16. a3 Nxe5 17. Bxe5 Qb7 18. e4 fxe4 19. Be2 Rac8 20. Qd2 e3 21. fxe3 Bxg2 22. Rxf8+ Rxf8 23. Bg4 Bf3 24. Bxe6+ Kh8 25. Rf1 Qe4 26. Qc3 Qg6+ 27. Bg4 Bxg4 28. hxg4 Qxg4+ 29. Kh2 Rxf1 0-1


[Site "https://www.chess.com"]

[Event "Titled Tuesday Blitz November 07 Early 2023"]
[White "LeoWin2012"]
[Black "Fernandez Sanchez, Mario Andres"]
[BlackFideId "6501621"]
[WhiteElo "2281"]
[BlackElo "2083"]
[Result "0-1"]
[Round "4"]
[TimeControl "180+1"]
[Date "2023.11.07"]
[WhiteClock "0:00:00"]
[BlackClock "0:00:29"]
[Board "207"]

1. e4 c6 2. d4 d5 3. e5 c5 4. c3 Nc6 5. Nf3 Bg4 6. Be2 e6 7. h3 Bxf3 8. Bxf3 cxd4 9. cxd4 Nge7 10. Nc3 Nf5 11. Ne2 Qb6 12. Be3 Bb4+ 13. Kf1 O-O 14. Qd3 Rac8 15. a3 Be7 16. b4 f6 17. b5 Na5 18. Bg4 fxe5 19. Bxf5 Rxf5 20. dxe5 Bc5 21. Rc1 Nc4 22. Bxc5 Qxc5 23. Nd4 Rxe5 24. Nf3 Rf5 25. Kg1 Rcf8 26. Kh2 Qxb5 27. Nd4 Qd7 28. Nxf5 Rxf5 29. Rxc4 Rxf2 30. Rg4 Qd6+ 31. Qg3 Qxg3+ 32. Kxg3 Ra2 33. Rb1 Rxa3+ 34. Kf4 b6 35. Ke5 Re3+ 36. Kd6 Re2 37. Ra1 a5 38. Kc6 h5 39. Rg5 Kf7 40. Kxb6 Kf6 41. Rxh5 Rxg2 42. Rh4 Rg3 43. Kxa5 Kg5 44. Rg4+ Kh5 45. Rxg3 g5 46. Re3 g4 47. hxg4+ Kg5 0-1


[Site "https://www.chess.com"]

[Event "Titled Tuesday Blitz November 07 Early 2023"]
[White "katharinareinecke"]
[Black "Tharushi, T H D Niklesha"]
[BlackFideId "9918264"]
[WhiteElo "1897"]
[BlackElo "2266"]
[Result "0-1"]
[Round "4"]
[TimeControl "180+1"]
[Date "2023.11.07"]
[WhiteClock "0:00:11"]
[BlackClock "0:00:15"]
[Board "208"]

1. d4 Nf6 2. c4 e6 3. Nf3 Bb4+ 4. Bd2 Qe7 5. g3 O-O 6. Bg2 Bxd2+ 7. Nbxd2 d6 8. O-O e5 9. e3 Bg4 10. h3 Bh5 11. dxe5 dxe5 12. Qb3 c6 13. Nh4 Bg6 14. Qc3 Nbd7 15. Nxg6 hxg6 16. Ne4 Nxe4 17. Bxe4 f5 18. Bg2 e4 19. Rad1 Ne5 20. Rd2 Rad8 21. Rfd1 Rde8 22. b4 Qf7 23. Qa1 Qxc4 24. a3 Qe6 25. Qc3 Qf6 26. Qb3+ Kh8 27. Rd6 Qg5 28. b5 Qh5 29. bxc6 bxc6 30. Qb7 Rf7 31. Qb3 Nd3 32. Bf1 Ne5 33. Bg2 Rfe7 34. Rd8 Kh7 35. Rxe8 Rxe8 36. Qc3 Qxd1+ 37. Kh2 Nf3+ 38. Bxf3 exf3 39. Qxc6 Qf1 40. Qxf3 Qd3 41. g4 Qe4 42. Qg3 Qe5 43. f4 Qxe3 44. Qh4+ Kg8 45. Qg5 Qe2+ 46. Kg3 Re3+ 47. Kh4 Qf2# 0-1


[Site "https://www.chess.com"]

[Event "Titled Tuesday Blitz November 07 Early 2023"]
[White "Sailer, Mike"]
[Black "Zavgorodniy, Sergiy"]
[WhiteFideId "2012901"]
[BlackFideId "14110148"]
[WhiteElo "2071"]
[BlackElo "2675"]
[Result "0-1"]
[Round "4"]
[TimeControl "180+1"]
[Date "2023.11.07"]
[WhiteClock "0:00:04"]
[BlackClock "0:01:04"]
[Board "209"]

1. g3 d5 2. Bg2 Nf6 3. c4 e6 4. Nf3 Be7 5. O-O O-O 6. cxd5 exd5 7. d4 c6 8. Bf4 Bf5 9. Nc3 Nbd7 10. a3 Re8 11. b4 a6 12. Na4 b5 13. Nc5 Nb6 14. Ne5 Qc8 15. f3 a5 16. e4 Bg6 17. g4 axb4 18. axb4 Rxa1 19. Qxa1 dxe4 20. Nxg6 hxg6 21. Bh3 exf3 22. Rxf3 Nxg4 23. Rg3 f5 24. Bxg4 fxg4 25. Qa2+ Kh7 26. Ne4 Qf5 27. Nd6 Bxd6 28. Bxd6 Re1+ 0-1


[Site "https://www.chess.com"]